[Event "European Amateur Chess-ch 2022"]
[Site "Zagreb"]
[Date "2022.08.16"]
[Round "4.3"]
[White "Vujec, Ivan"]
[Black "Karlusic, Luka"]
[Result "1-0"]
[ECO "B40"]
[WhiteElo "2192"]
[BlackElo "2089"]
[Annotator "TA"]
[PlyCount "133"]
[EventDate "2022.08.14"]
[EventCountry "CRO"]
[SourceTitle "playchess.com"]
[Source "ChessBase"]
[SourceQuality "1"]
[TimeControl "40/5400+30:1800+30"]

1. e4 c5 2. b3 e6 3. Bb2 d5 4. exd5 exd5 5. Nf3 Nf6 6. Bb5+ Nc6 {B40: Sicilian: 2...e6, Unusual lines.} 7. Qe2+ Be6 8. Bxc6+ bxc6 {White is slightly better.} 9. Ng5 Qd7 {[#]} 10. Nxe6 $146 ({Predecessor:} 10. O-O Be7 11. Nxe6 Qxe6 12. Re1 Qxe2 13. Rxe2 Kd7 14. Nc3 Rhe8 15. Na4 Bd6 16. Rxe8 Rxe8 17. Bxf6 gxf6 {1-0 (54) Kabanov,N (2513)-Csonka,A (2380) Rogaska Slatina 2011}) 10... fxe6 11. d3 Bd6 12. Nd2 O-O 13. O-O (13. Nf3 $14) 13... Rae8 (13... e5 $5) 14. Be5 Bxe5 15. Qxe5 Ng4 16. Qg5 Nh6 (16... e5 {keeps more tension.} 17. Rae1 h6 18. Qg6 Rf4) 17. Nf3 Nf5 18. Rae1 Rf6 19. Ne5 Qd6 20. Qd2 {White is more active.} Nd4 21. f4 Ref8 22. h4 Nf5 23. Qf2 d4 24. Re4 Ne3 25. Re1 {And now R1xe3 would win.} Nd5 26. Nc4 (26. g3 {is interesting.} Nc3 27. Qf1 Nxe4 28. dxe4 Qc7 29. Rd1) 26... Rxf4 27. Rxf4 Qxf4 28. Qxf4 Rxf4 29. Rxe6 $11 {[%mdl 4096] Endgame KRN-KRN} Nc3 30. g3 Rf6 31. Rxf6 gxf6 $16 {KN-KN} 32. a3 Kf7 33. Kf2 Ke6 {[#]} 34. Kf3 ({White should try} 34. g4 $1 $16) 34... Nd5 (34... f5 $1 $14) 35. Na5 (35. g4 $16) 35... Ne3 $14 36. c4 Nc2 $1 37. Nxc6 {Threatens to win with b4.} Nxa3 38. Nxa7 Nb1 $2 {[#]} (38... Nc2 $11 {and Black is okay.}) 39. Ke2 $2 (39. b4 $1 $18 ) 39... Nc3+ $11 40. Kd2 Kd7 41. b4 cxb4 {...Kc7 is the strong threat.} 42. Kc2 Kc7 {Strongly threatening ...Kb7.} 43. Kb3 {Black must now prevent Nb5+.} Kb6 {Inhibits Nb5.} 44. Nc8+ Kc5 45. Ne7 Ne2 46. Nf5 h5 $2 (46... Nc1+ $11 47. Kc2 Ne2) 47. Ng7 $2 (47. g4 $18 Nf4 48. gxh5 Nxh5 49. Kc2) 47... Nxg3 (47... Nc1+ $2 48. Kc2 Ne2 49. Nxh5 $18) 48. Ne6+ {[%mdl 64] Deflection} Kd6 49. Nxd4 f5 $2 {[%mdl 8192] Black is on the road to losing.} (49... Ke5 $11 50. Nf3+ Kf4) 50. Nf3 f4 51. d4 Ne4 52. Kxb4 Kc6 (52... Ke6 $142 53. Nh2 Kd6) 53. Kb3 $18 Kd6 54. Kc2 Nf2 55. Ng5 Kc6 56. Kd2 Ng4 57. Kd3 {Hoping for d5+.} Ne3 58. d5+ Kd6 59. Ne4+ Ke5 60. d6 {White mates.} Ke6 61. c5 Nf5 62. Ng5+ Kd7 63. Ke4 Nxh4 64. Kd5 Ng6 65. c6+ Kc8 66. d7+ Kc7 67. Ne6+ {Weighted Error Value: White=0.22 (precise) /Black=0.38} 1-0

[Event "European Amateur Chess-ch 2022"]
[Site "Zagreb"]
[Date "2022.08.16"]
[Round "4.4"]
[White "Brigljevic, Milan"]
[Black "Denic, Marin"]
[Result "1/2-1/2"]
[ECO "A06"]
[WhiteElo "2161"]
[BlackElo "2190"]
[Annotator "TA"]
[PlyCount "151"]
[EventDate "2022.08.14"]
[EventCountry "CRO"]
[SourceTitle "playchess.com"]
[Source "ChessBase"]
[SourceQuality "1"]
[TimeControl "40/5400+30:1800+30"]

1. Nf3 d5 2. b3 Bf5 3. Bb2 e6 4. e3 Nf6 5. Be2 h6 6. O-O Bd6 {A06: Réti Opening: 1 Nf3 d5.} 7. d4 O-O 8. c4 c6 9. Bd3 Ne4 10. Nc3 Nd7 11. Qc2 Ndf6 12. Ne5 Nxc3 13. Bxf5 exf5 14. Bxc3 g6 {[#]} 15. f3 $146 ({Predecessor:} 15. Bb2 Qe7 16. a4 Rfe8 17. Rfe1 Rac8 18. Rac1 Qe6 19. Qd3 h5 20. Rc2 Ng4 21. Nf3 {1-0 (40) Sommer,M (2141)-Vedral,O (2239) Bayern 2009}) 15... Re8 16. Rfe1 Nd7 17. f4 Nf6 18. Rad1 Ne4 19. g3 Qe7 20. Nd3 Rac8 21. c5 Bb8 22. b4 h5 23. Nf2 Kg7 24. Nxe4 Qxe4 25. Qxe4 Rxe4 26. h4 Kf8 27. Kf2 Ke7 28. Rb1 Kd7 29. Bd2 Ree8 30. a4 Bc7 31. Rec1 Ra8 32. b5 Reb8 33. Kf3 a6 34. b6 (34. Bc3 $11) 34... Bd8 $15 35. Rh1 Be7 36. Bc3 f6 ({Black should try} 36... Re8 $15) 37. Rh2 {The position is equal.} Rh8 38. Rg1 Rag8 39. Rgh1 Ke6 40. Kf2 Rh7 41. Kf3 Rhg7 42. Be1 Rh7 43. Bf2 Rgh8 44. Rc1 Bd8 45. a5 Rg8 46. Rch1 Rgh8 47. Rc1 Kf7 48. Rd1 g5 49. Re1 Re8 50. Rg1 Rhh8 51. Rhh1 Reg8 52. Re1 Re8 53. Reg1 Kg6 54. Rh2 Rhg8 55. Rgh1 Rh8 56. Rg1 Be7 57. Re1 Bf8 58. Reh1 Bg7 59. Rd1 Bh6 60. Rdh1 Bg7 61. Rd1 Rhg8 62. Rdh1 Rh8 63. Rd1 Reg8 64. Rg1 Bh6 65. Be1 Bf8 66. Bf2 Bh6 67. Be1 gxf4 68. gxf4+ Kf7 69. Rxg8 Rxg8 $11 {[%mdl 4096] Endgame KRB-KRB} 70. Rg2 Rg4 $1 71. Bg3 Ke6 72. Rd2 Bf8 73. Rc2 Be7 74. Rd2 Bf8 75. Rc2 Be7 76. Rd2 {Weighted Error Value: White=0.07 (flawless) /Black=0.06 (flawless)} 1/2-1/2

[Event "European Amateur Chess-ch 2022"]
[Site "Zagreb"]
[Date "2022.08.16"]
[Round "4.5"]
[White "Begic, Domagoj"]
[Black "Vukic, Aleksandar"]
[Result "1-0"]
[ECO "A80"]
[WhiteElo "2026"]
[BlackElo "2073"]
[Annotator "NA RC"]
[PlyCount "95"]
[EventDate "2022.08.14"]
[EventCountry "CRO"]
[SourceTitle "playchess.com"]
[Source "ChessBase"]
[SourceQuality "1"]
[TimeControl "40/5400+30:1800+30"]

1. Nf3 f5 2. d4 Nf6 3. h3 d6 4. c3 g6 5. e3 Bg7 6. Bd3 Nc6 7. Nbd2 e5 8. dxe5 Nxe5 9. Nxe5 dxe5 10. Bc4 Bd7 11. Qb3 Bc6 12. Bb5 Qd7 13. Bxc6 Qxc6 14. O-O Nd7 15. Qc4 Qxc4 16. Nxc4 O-O-O 17. e4 f4 18. b4 g5 19. Bb2 h5 20. f3 Bf6 21. Kf2 b5 22. Na5 Nc5 23. Ke2 Na4 24. Rab1 Rd6 25. Ba1 Rg8 26. Rbd1 g4 27. hxg4 hxg4 28. Rxd6 cxd6 29. c4 gxf3+ 30. gxf3 Bd8 31. cxb5 Bb6 32. Nc4 Rg2+ 33. Kd3 Kd7 34. a3 Bg1 35. Bc3 Ke6 36. Ba1 Nb6 37. Bc3 Nd7 38. a4 Rg3 39. a5 d5 40. exd5+ Kxd5 41. Nd2 Nf6 42. Kc2 Rg2 43. Kb3 Be3 44. Nc4 Rf2 45. Rxf2 Bxf2 46. Bxe5 Nh5 47. Bb8 Bd4 48. Bc7 1-0

[Event "European Amateur Chess-ch 2022"]
[Site "Zagreb"]
[Date "2022.08.16"]
[Round "4.6"]
[White "Dzaja, Martin Zorislav"]
[Black "Novosel, Lovro"]
[Result "0-1"]
[ECO "A30"]
[WhiteElo "1974"]
[BlackElo "2212"]
[Annotator "TA"]
[PlyCount "134"]
[EventDate "2022.08.14"]
[EventCountry "CRO"]
[SourceTitle "playchess.com"]
[Source "ChessBase"]
[SourceQuality "1"]
[TimeControl "40/5400+30:1800+30"]

1. Nf3 Nf6 2. c4 c5 3. g3 b6 4. Bg2 Bb7 5. O-O e6 6. b3 Be7 7. Bb2 O-O 8. Nc3 d6 9. d4 cxd4 10. Nxd4 Bxg2 11. Kxg2 Qc7 12. e4 {A30: Symmetrical English: Double Fianchetto and Hedgehog.} Qb7 13. Re1 Nbd7 14. f4 {[#] White is slightly better.} Rfd8 $146 ({Predecessor:} 14... Rfc8 15. Qf3 Rab8 16. Rad1 a6 17. g4 Ne8 18. g5 g6 19. h4 Ng7 20. Nc2 Rf8 {0-1 (35) Ostrikov,G (2050)-Shomoev,A (2560) Dombai 2013}) 15. Qf3 Rac8 16. Rad1 Nc5 17. Re3 a6 18. Rde1 (18. Ba3 $14) 18... Bf8 $11 19. g4 Ne8 (19... d5 $11 20. exd5 exd5) 20. g5 $14 g6 21. h4 (21. f5 {keeps more tension.} Ng7 22. Rg1 b5 23. cxb5 axb5 24. f6) 21... Ng7 {[%cal Ob6b5] Inhibits f5.} 22. Nde2 (22. f5 $11) 22... b5 $17 23. cxb5 {[#]} axb5 (23... d5 $1 $17 {[%cal Rd5d4] And now ...d4 would win.} 24. bxa6 Qxa6) 24. Ng3 b4 25. Nce2 d5 26. Bf6 $2 (26. exd5 $17 {is more resistant.} Qxd5 27. Nd4) 26... Rd7 $2 (26... dxe4 $19 {and Black stays clearly on top.} 27. Qf1 (27. Nxe4 $2 Nf5 $19) 27... Rd2 28. Bxg7 Bxg7) 27. e5 (27. Bxg7 $17 Bxg7 28. e5) 27... Ra8 $2 (27... Nf5 $19 {is more deadly.} 28. Nxf5 gxf5) 28. Nc1 (28. Bxg7 $17 {was worth a try.} Kxg7 29. Nc1) 28... Nf5 29. Nxf5 exf5 (29... gxf5 $142 30. R3e2 Ne4) 30. R3e2 Ne4 31. h5 Rc8 32. hxg6 fxg6 33. Nd3 Rc3 ({Black should try} 33... Qa6 $17 34. e6 Qxe6) 34. e6 $11 Rdc7 {The board is on fire.} 35. Bxc3 bxc3 36. Rc2 Qa6 37. Ne5 Qxe6 38. Qd3 Bg7 39. Rd1 Bxe5 40. fxe5 Rd7 {...f4 is the strong threat. 0x0.001ebaa9db10dp-1022s more active pieces.} (40... Qxe5 41. Qxd5+ Qxd5 42. Rxd5 $11) 41. Rxc3 f4 ({Better is} 41... Qxe5 $15 42. Rc8+ Kf7) 42. Qh3 $1 $14 Qa6 {Inhibits Rc8+.} 43. Rc2 $16 ({Don't play} 43. Qxd7 $6 Qe2+ 44. Kh1 Qxd1+ 45. Kh2 Qd2+ 46. Kh1 Qe1+ 47. Kg2 Nxc3 $11) 43... Rc7 44. Rdc1 {Black must now prevent Kh2.} (44. Rxc7 $2 Qxa2+ 45. Kf3 Nxg5+ 46. Kxf4 Nxh3+ $19) 44... Nxg5 45. Qg4 Rxc2+ (45... f3+ $16 46. Kh2 Ne4 47. Qxf3 (47. Rxc7 $2 {is the wrong capture.} Qe2+ 48. Kh3 Nf2+ 49. Kh4 Nxg4 $19) 47... Rxc2+ 48. Rxc2 Qe6) 46. Rxc2 {[%mdl 4096] Endgame KQR-KQN} Ne6 47. Qd1 $2 (47. Qf3 $18) 47... Qb7 (47... d4 $11 {keeps the balance.}) 48. Kf2 (48. a4 $16) 48... Kg7 $11 49. Rd2 Qa7+ 50. Kf1 Qa6+ 51. Qe2 Qa5 52. Qd3 d4 53. Re2 Qc7 54. Qc2 {Strongly threatening Qxc7+.} Qf7 55. b4 Qb7 {Threatens to win with ...Qh1+.} 56. Qc4 $2 (56. Kg1 $11) 56... Qh1+ $19 57. Kf2 Ng5 58. Rc2 Qf3+ (58... Qh2+ $142 59. Kf1 Qh3+ 60. Kg1 Nf3+ 61. Kf2 Qg3+ 62. Ke2 Qg2+ 63. Kd3 Qf1+ 64. Ke4 {[#]} Nd2+ $1 65. Rxd2 Qxc4 66. Rxd4 Qf7) 59. Ke1 d3 {( -> ...Qe3+)} 60. Rf2 (60. Qc7+ $142 Kh6 61. Rh2+ Nh3 62. Qc5 (62. Kd2 Qe3+ 63. Kd1 Qg1+ 64. Kd2 Qxh2+ $19) 62... Qg3+ 63. Qf2 d2+ 64. Kd1 Qxf2 65. Rxf2 Nxf2+ 66. Kxd2) 60... Qe3+ 61. Kf1 Nh3 (61... Qh3+ $142 62. Kg1 Qg3+ 63. Kf1 Nh3 64. Rg2 Qf3+ 65. Ke1 Qxg2 66. Qxd3 f3 67. Qd7+ Kh6 68. Kd1 f2 69. Qd2+ g5 70. Kc2 f1=Q 71. Qxg2 Qxg2+ 72. Kb3 g4 73. e6 g3 74. e7 Qd5+ 75. Ka3 Qe4 76. Ka4 g2 77. e8=B g1=Q 78. Bb5 Qc2+ 79. Ka5 Qxa2+ 80. Ba4 Qg6 81. b5 Qd2#) 62. Qc7+ Kh6 {[%csl Gh3][%cal Re3f2] Black mates.} 63. Qc5 Nxf2 64. Qxe3 fxe3 65. e6 d2 66. e7 d1=Q+ 67. Kg2 Qg4+ {What a fight!  Weighted Error Value: White=0.63/Black=0.41} 0-1

[Event "European Amateur Chess-ch 2022"]
[Site "Zagreb"]
[Date "2022.08.16"]
[Round "4.7"]
[White "Buchcar, Tomas"]
[Black "Jonsson, Gauti Pall"]
[Result "1/2-1/2"]
[ECO "A15"]
[WhiteElo "2208"]
[BlackElo "2071"]
[Annotator "NA RC"]
[PlyCount "57"]
[EventDate "2022.08.14"]
[EventCountry "CRO"]
[SourceTitle "playchess.com"]
[Source "ChessBase"]
[SourceQuality "1"]
[TimeControl "40/5400+30:1800+30"]

1. Nf3 Nf6 2. c4 g6 3. b3 Bg7 4. Bb2 O-O 5. e3 d6 6. Be2 e5 7. d3 Nc6 8. Nbd2 Ne8 9. Qc2 a5 10. a3 f5 11. O-O g5 12. Ne1 Bf6 13. g3 Ng7 14. Ng2 Bd7 15. f4 Qe8 16. Bf3 Qg6 17. Bd5+ Kh8 18. fxg5 Bxg5 19. Nf3 Bh6 20. Nfh4 Qe8 21. Rae1 Nd8 22. Bf3 Bc6 23. Bxc6 Nxc6 24. d4 Qh5 25. Rf2 Rf7 26. Ref1 Raf8 27. Bc3 Bxe3 28. Nxe3 exd4 29. Nhxf5 1/2-1/2

[Event "European Amateur Chess-ch 2022"]
[Site "Zagreb"]
[Date "2022.08.16"]
[Round "4.8"]
[White "Havas, Janko"]
[Black "Colev, Ivor"]
[Result "0-1"]
[ECO "A83"]
[WhiteElo "2143"]
[BlackElo "1950"]
[Annotator "NA RC"]
[PlyCount "115"]
[EventDate "2022.08.14"]
[EventCountry "CRO"]
[SourceTitle "playchess.com"]
[Source "ChessBase"]
[SourceQuality "1"]
[TimeControl "40/5400+30:1800+30"]

1. d4 f5 2. e4 fxe4 3. Nc3 Nf6 4. Bg5 Nc6 5. d5 Ne5 6. Qe2 Nf7 7. Bxf6 exf6 8. Nxe4 Qe7 9. d6 Nxd6 10. Nxd6+ cxd6 11. O-O-O Qxe2 12. Bxe2 b6 13. Bf3 Rb8 14. Ne2 Bb7 15. Bxb7 Rxb7 16. Nc3 b5 17. Rd5 a6 18. Ne4 Kf7 19. Rhd1 Ra7 20. f4 Be7 21. Nxd6+ Bxd6 22. Rxd6 Ke7 23. R6d3 Rc8 24. Re1+ Kf7 25. f5 Rc5 26. g4 h5 27. h3 hxg4 28. hxg4 Rc4 29. Rde3 d5 30. Rg1 Re7 31. Rxe7+ Kxe7 32. Kd2 Kd6 33. Re1 Re4 34. Rxe4 dxe4 35. Ke3 Kd5 36. c3 a5 37. b3 a4 38. c4+ bxc4 39. bxc4+ Kxc4 40. Kxe4 a3 41. Ke3 Kc3 42. Ke2 Kd4 43. Kf3 Kd3 44. Kf4 Ke2 45. Kg3 Ke3 46. Kh4 Kf4 47. Kh3 Kf3 48. Kh4 Kg2 49. g5 Kf3 50. gxf6 gxf6 51. Kh3 Kf4 52. Kg2 Kxf5 53. Kf3 Ke5 54. Ke3 f5 55. Kf3 Kd4 56. Kf4 Kc3 57. Kxf5 Kb2 58. Ke4 0-1

[Event "European Amateur Chess-ch 2022"]
[Site "Zagreb"]
[Date "2022.08.16"]
[Round "4.9"]
[White "Green, Michael"]
[Black "Roska, Branislav"]
[Result "0-1"]
[ECO "C45"]
[WhiteElo "1997"]
[BlackElo "2153"]
[Annotator "RC"]
[PlyCount "104"]
[EventDate "2022.08.14"]
[EventCountry "CRO"]
[SourceTitle "playchess.com"]
[Source "ChessBase"]
[SourceQuality "1"]
[TimeControl "40/5400+30:1800+30"]

1. e4 e5 2. Nf3 Nc6 3. d4 exd4 4. Nxd4 Bc5 5. Nb3 Bb6 6. Nc3 d6 7. Qe2 Nge7 8. Be3 O-O 9. O-O-O Be6 10. f4 Re8 11. Bxb6 axb6 12. g4 b5 13. Qxb5 Bxg4 14. Rd3 Bd7 15. Qh5 g6 16. Qh6 Kh8 17. f5 Ng8 18. Qf4 g5 19. Qf2 Ne5 20. Rg3 c6 21. Be2 b5 22. h4 g4 23. Bxg4 Nf6 24. Bf3 b4 25. Ne2 c5 26. h5 c4 27. Nd2 Rxa2 28. Nf4 Ra1+ 29. Nb1 c3 30. Ng6+ fxg6 31. hxg6 cxb2+ 32. Kd2 Nxf3+ 33. Qxf3 Nxe4+ 34. Kd3 Bb5+ 35. c4 bxc3+ 36. Kc2 Ba4+ 37. Kd3 Nc5+ 38. Kxc3 Qf6+ 39. Kc4 Re4+ 40. Qxe4 Nxe4 41. Rxh7+ Kg8 42. Rg2 Rxb1 43. g7 Qc3+ 44. Kd5 Bb3+ 45. Kxe4 Qe5+ 46. Kf3 Rf1+ 47. Rf2 Qxf5+ 48. Ke3 Qxf2+ 49. Ke4 Qf4+ 50. Kd3 Rf3+ 51. Ke2 Bc4+ 52. Kd1 b1=Q# 0-1

[Event "European Amateur Chess-ch 2022"]
[Site "Zagreb"]
[Date "2022.08.16"]
[Round "4.10"]
[White "Fajdetic, Hrvoje"]
[Black "Grgantov, Marin"]
[Result "1/2-1/2"]
[ECO "B13"]
[WhiteElo "2151"]
[BlackElo "2048"]
[Annotator "TA"]
[PlyCount "145"]
[EventDate "2022.08.14"]
[EventCountry "CRO"]
[SourceTitle "playchess.com"]
[Source "ChessBase"]
[SourceQuality "1"]
[TimeControl "40/5400+30:1800+30"]

1. d4 Nf6 2. Bf4 d5 3. e3 c5 4. Nc3 cxd4 5. exd4 a6 6. Bd3 {B13: Caro-Kann: Exchange Variation and Panov-Botvinnik Attack.} Nc6 7. Nce2 Qb6 8. Rb1 {[#]} Bg4 $146 (8... Nxd4 $2 9. Nxd4 g6 10. c3 $18) ({Predecessor:} 8... e5 9. dxe5 Ne4 10. Bxe4 dxe4 11. Nc3 Bc5 12. Nd5 Qd8 13. Nc3 Qh4 14. Bg3 Qe7 {½-½ (42) Jacobs Jr,C (2228)-Williams,T (2466) ICCF email 2020}) 9. c3 e6 10. h3 Bh5 11. g4 Bg6 12. Ng3 Be7 13. g5 (13. Nf3 $11) 13... Nd7 14. Nf3 {Against e5} f6 15. Bxg6+ hxg6 16. Qe2 Kf7 (16... e5 $1 $15 {is more appropriate.} 17. dxe5 fxe5 18. Bxe5 (18. Nxe5 Ndxe5 19. Bxe5 O-O $17) 18... O-O) 17. Kf1 Rae8 (17... Qb5 $11) 18. Kg2 $1 $14 (18. Re1 e5 19. gxf6 (19. dxe5 fxe5 20. Nxe5+ Ncxe5 $15) 19... gxf6 20. dxe5 fxe5 21. Ng5+ (21. Bxe5 $2 Bf6 $19) (21. Nxe5+ Ncxe5 22. Bxe5 Bf6 $17) 21... Kg7 22. Ne6+ Kh7 $11) 18... Bd8 19. h4 Bc7 20. Be3 (20. Bxc7 $14 Qxc7 21. Rbe1) 20... Qa5 (20... Qb5 $11) 21. Qc2 Ne7 (21... Qxa2 22. Ra1 Qc4 23. b3 $15) 22. b4 Qb6 23. c4 dxc4 $2 (23... Qc6 $11 {and Black stays safe.} 24. c5 e5) 24. b5 $4 (24. d5 $1 $18 {is the narrow road to win.} Qd6 25. Ne4 Qxd5 26. Rhd1) 24... Nd5 (24... axb5 $19 {Threatens to win with ...Qc6.} 25. a4 Qc6 26. Rxb5 Nd5) 25. bxa6 (25. Qxc4 $17 {is a better defense.} Bxg3 26. bxa6) 25... Qxa6 $19 26. h5 Nf8 {White must now prevent ...gxh5.} 27. Ne4 Nxe3+ $2 (27... gxh5 28. Rhc1 $17) (27... Rxh5 $19 {...Qc6 is the strong threat.} 28. gxf6 gxf6 29. Rxh5 gxh5) 28. fxe3 $15 Qc6 $2 (28... Rxh5 $11 29. Rxh5 (29. Nc5 Qd6 $17) 29... gxh5) 29. h6 $2 (29. gxf6 $16 {White threatens Nfg5+ and mate.} gxf6 30. Rb4 (30. h6 Ra8 $15)) 29... Nh7 {Against Nfg5+} (29... f5 $11 30. Nc3 (30. d5 exd5 31. Nd4 Qa6 $17) 30... Kg8) 30. hxg7 {Chess con chili. 0x0.0013bbaeaf28dp-1022s more active pieces.} ({White should try} 30. Rb4 $16 b5 31. gxf6 (31. hxg7 Kxg7 32. a4 Nxg5 $17) 31... gxf6 32. a4) 30... Kxg7 $11 31. gxf6+ (31. Rxh7+ $1 $11 Rxh7 32. gxf6+ Kh8 33. a4) 31... Nxf6 $17 32. Nxf6 Kxf6 33. Qb2 (33. e4 $17 {might work better.} Ke7 34. Rhe1) 33... Rxh1 (33... c3 $19 34. Qxb7 Qxb7 35. Rxb7 Rxh1 36. Kxh1 Rc8) 34. Rxh1 (34. d5+ $17 c3 35. dxc6 cxb2 36. Kxh1 bxc6 37. Rxb2) 34... c3 $19 35. Qf2 Qe4 {[%mdl 8192] [#]} (35... g5 $19 36. Kg1 Ke7 37. Rh7+ Kd8) 36. Rh4 $1 $18 Qc6 {[#] Hoping for ...Ke7.} 37. e4 $2 (37. Rh7 $1 $18 {Threatening mate with Qh4+.} Qe4 38. Rxc7) 37... Ke7 $36 {[%mdl 2048] Black has some pressure.} 38. Qc2 (38. Rh7+ $11 {remains equal.} Kd8 39. d5 exd5 40. Nd4) 38... Kd8 39. d5 $2 (39. Ne5 $17 {is tougher.} Qb5 40. Qxc3) 39... exd5 $19 40. exd5 Qd6 (40... Qxd5 41. Rd4 Qxd4 42. Nxd4 $18) (40... Qb5 $19 {is more deadly. ( -> ...Re2+)} 41. Qxc3 Qe2+ 42. Kh1 Bb6) 41. Rg4 $2 (41. Qxc3 $17 Qg3+ 42. Kf1 (42. Kh1 Rf8 $17)) 41... Qe7 ({Don't play} 41... Qxd5 42. Rd4 Qxd4 43. Nxd4 $18) 42. Nd4 ({But not} 42. Qxc3 $2 Qe2+ 43. Kh1 Be5 44. Qa5+ Kc8 $19) (42. d6 Bxd6 43. Rc4) 42... Qe5 43. Qxg6 Qxd5+ (43... Qh2+ $142 44. Kf1 Rf8+ 45. Nf5 c2 46. Rc4 Qh1+ 47. Ke2 Qd1+ 48. Ke3 c1=Q+ 49. Rxc1 Qxc1+ 50. Kd3 Qf1+ 51. Ke3 Qf4+ 52. Kd3 Rxf5 53. Qg8+ Rf8 54. Qg1 Qf5+ 55. Kc3 Qxd5 56. Kb2 Rf3 57. Qe1 Be5+ 58. Kc1 Rc3+ 59. Qxc3 Bxc3 60. Kc2 Qd2+ 61. Kb3 b5 62. a4 Qb2#) 44. Kf1 Qc4+ (44... Qh1+ $142 45. Rg1 Qh3+ 46. Rg2 c2 47. Qxe8+ Kxe8 48. Nxc2 Qh1+ 49. Kf2 Bb6+ 50. Kg3 Qf1 51. Ne3 Bxe3 52. Rb2 Qf4+ 53. Kg2 Qg4+ 54. Kf1 Qg1+ 55. Ke2 Qf2+ 56. Kd3 Qxb2 57. Kxe3 b5 58. Ke4 Qxa2 59. Kf3 b4 60. Ke4 b3 61. Kf4 b2 62. Kg4 b1=Q 63. Kg5 Qd2+ 64. Kh5 Qf5+ 65. Kh4 Qh2#) 45. Kg2 Qxa2+ 46. Kf3 Qd5+ (46... Rf8+ $142 47. Ke3 Qd2+ 48. Ke4 c2 49. Nxc2 Rf4+ 50. Rxf4 Qxc2+ 51. Kd4 Qxg6 52. Rf1 Bb6+ 53. Kc3 Qc6+ 54. Kb4 Qc5+ 55. Kb3 Qb5+ 56. Kc3 Qxf1 57. Kc2 Qc4+ 58. Kd2 Bf2 59. Kd1 Qa2 60. Kc1 Be3+ 61. Kd1 Qd2#) 47. Kf2 Qa2+ (47... Qd7 $19 48. Nf3 Rf8) 48. Kf3 $1 Rf8+ 49. Ke3 Qd2+ 50. Ke4 Re8+ (50... c2 $142 51. Nxc2 Rf4+ 52. Rxf4 Qxc2+ 53. Kf3 Qxg6 54. Rd4+ Ke8 55. Rd2 Qf5+ 56. Ke2 Bb6 57. Kd1 Qb1+ 58. Ke2 Qe4+ 59. Kd1 Qa4+ 60. Ke2 Qe4+ 61. Kd1 Qb1+ 62. Ke2 Qf5 63. Kd1 Qb1+) 51. Kf5 Qd3+ 52. Kg5 Qxg6+ (52... Qe3+ $142 53. Kh5 Rh8+ 54. Qh7 Rxh7+ 55. Kg6 Rh6+ 56. Kg7 Be5+ 57. Kf7 Qf2+ 58. Rf4 Qxf4+ 59. Nf5 Qxf5+ 60. Kg8 Rh8#) 53. Kxg6 {[%mdl 4096] Endgame KRB-KRN} Rg8+ 54. Kf5 Rxg4 55. Kxg4 {KB-KN} b5 $2 ({Black should play} 55... Be5 $19 56. Nc2 Bg7) 56. Kf3 $11 {The position is equal.} Kd7 57. Ke2 b4 58. Kd3 Be5 59. Nb3 Ke6 60. Kc4 Bd6 {And now ...Ke5 would win.} 61. Nd4+ Ke5 {Strongly threatening ...Ke4.} 62. Ne2 c2 63. Kb3 Kd5 64. Kxc2 Kc4 65. Nc1 Bf4 66. Nb3 Be3 67. Na1 Bg5 (67... Bd4 $5 68. Nb3 Bh8 $11) 68. Nb3 Bh6 69. Na1 Be3 (69... Bg7 $5 70. Nb3 Kd5 $11) 70. Nb3 Kb5 71. Na1 Ka4 72. Nb3 Ka3 73. Na1 {And White is the lucky defender.  Weighted Error Value: White=1.19/Black=1.31} 1/2-1/2

[Event "European Amateur Chess-ch 2022"]
[Site "Zagreb"]
[Date "2022.08.16"]
[Round "4.12"]
[White "Peric, Bernard"]
[Black "Korov, Zvonko"]
[Result "1-0"]
[ECO "B22"]
[WhiteElo "2112"]
[BlackElo "2015"]
[Annotator "NA RC"]
[PlyCount "77"]
[EventDate "2022.08.14"]
[EventCountry "CRO"]
[SourceTitle "playchess.com"]
[Source "ChessBase"]
[SourceQuality "1"]
[TimeControl "40/5400+30:1800+30"]

1. e4 c5 2. c3 d6 3. d4 Nf6 4. dxc5 dxc5 5. Qc2 Nc6 6. Nf3 Qc7 7. Be3 e6 8. h3 Be7 9. Nbd2 Bd7 10. Be2 h6 11. Rd1 Rd8 12. O-O O-O 13. a3 Bc8 14. b4 b6 15. b5 Ne5 16. Nxe5 Qxe5 17. f4 Qc7 18. c4 Bb7 19. e5 Ne8 20. Bf3 Bxf3 21. Nxf3 Qb7 22. f5 exf5 23. Rxd8 Bxd8 24. Qxf5 g6 25. Qd3 Qe7 26. Bxh6 Ng7 27. Rd1 Qe6 28. Qd5 Re8 29. Bxg7 Kxg7 30. Qxe6 fxe6 31. Rd7+ Kf8 32. Rxa7 Be7 33. Kf2 Rd8 34. Ke2 Ke8 35. a4 Rd7 36. Rxd7 Kxd7 37. h4 Bd8 38. Ke3 Ke8 39. Ke4 1-0

[Event "European Amateur Chess-ch 2022"]
[Site "Zagreb"]
[Date "2022.08.16"]
[Round "4.13"]
[White "Tomic, Stjepan"]
[Black "Gal, Moshe"]
[Result "1/2-1/2"]
[ECO "D02"]
[WhiteElo "1990"]
[BlackElo "2111"]
[Annotator "NA RC"]
[PlyCount "119"]
[EventDate "2022.08.14"]
[EventCountry "CRO"]
[SourceTitle "playchess.com"]
[Source "ChessBase"]
[SourceQuality "1"]
[TimeControl "40/5400+30:1800+30"]

1. d4 c5 2. c3 d5 3. Nf3 Nf6 4. Bf4 Nc6 5. e3 Qb6 6. Qb3 c4 7. Qc2 Bf5 8. Qc1 h6 9. h3 e6 10. Nbd2 Rc8 11. Be2 Be7 12. O-O O-O 13. b3 cxb3 14. axb3 Na5 15. Qb2 a6 16. Rfc1 Rfd8 17. Bd1 Ne4 18. Nxe4 Bxe4 19. Nd2 Nc4 20. Nxc4 dxc4 21. b4 Bd6 22. Bxd6 Rxd6 23. Bc2 Qc6 24. Bxe4 Qxe4 25. Ra5 Rd5 26. Rxd5 Qxd5 27. Ra1 Rc6 28. Qc2 f5 29. Ra5 b5 30. Ra1 Qd8 31. e4 Qg5 32. e5 Qd8 33. Qe2 Qd5 34. Kh2 Kh7 35. Kg3 g6 36. Qf3 Kg7 37. Qxd5 exd5 38. Kf4 Re6 39. h4 h5 40. Kg5 Rc6 41. f3 Re6 42. Re1 Kh7 43. Rg1 Kg7 44. Rf1 Rc6 45. g4 fxg4 46. fxg4 hxg4 47. Kxg4 Re6 48. Kg5 Rc6 49. Rf2 Re6 50. Re2 Re8 51. e6 Re7 52. Re5 Re8 53. e7 Kf7 54. Rxd5 Rxe7 55. Rd6 Re3 56. Rxa6 Rxc3 57. Rf6+ Ke7 58. Rb6 Rg3+ 59. Kf4 Rh3 60. Ke4 1/2-1/2

[Event "European Amateur Chess-ch 2022"]
[Site "Zagreb"]
[Date "2022.08.16"]
[Round "4.14"]
[White "Horvat, Damjan"]
[Black "Gal, Andrej"]
[Result "1/2-1/2"]
[ECO "D02"]
[WhiteElo "2072"]
[BlackElo "1878"]
[Annotator "NA RC"]
[PlyCount "120"]
[EventDate "2022.08.14"]
[EventCountry "CRO"]
[SourceTitle "playchess.com"]
[Source "ChessBase"]
[SourceQuality "1"]
[TimeControl "40/5400+30:1800+30"]

1. Nf3 Nf6 2. d4 d5 3. Bf4 c5 4. c3 Qb6 5. Qb3 c4 6. Qc2 Nc6 7. e3 Bf5 8. Qc1 e6 9. Be2 Be7 10. O-O O-O 11. Nbd2 h6 12. b3 cxb3 13. axb3 Rfc8 14. Qb2 Qd8 15. h3 a6 16. b4 a5 17. b5 Nb8 18. c4 b6 19. Rfc1 Nbd7 20. Qb3 Bb4 21. Bd3 Bxd3 22. Qxd3 Qe7 23. e4 dxe4 24. Nxe4 Nxe4 25. Qxe4 Bd6 26. Be3 Nf6 27. Qd3 Rd8 28. Qb3 Rac8 29. Ra2 Nd7 30. Rac2 Ba3 31. Ra1 Bb4 32. Rac1 Ba3 33. Ra1 Bb4 34. Rac1 e5 35. Nxe5 Nxe5 36. dxe5 Bc5 37. Bxc5 Rxc5 38. f4 Qe6 39. Qe3 Qf5 40. Rd2 Rxd2 41. Qxd2 Qe4 42. g3 Rxc4 43. Rxc4 Qxc4 44. Qd8+ Kh7 45. Qxb6 a4 46. Qa6 Qc1+ 47. Kf2 Qb2+ 48. Kf3 a3 49. b6 a2 50. b7 a1=Q 51. Qxa1 Qxa1 52. b8=Q Qf1+ 53. Ke3 Qxh3 54. Qb1+ g6 55. Qg1 h5 56. Kf2 Qf5 57. Qd1 Kg7 58. Qd8 Qc2+ 59. Kg1 Qc1+ 60. Kg2 Qc6+ 1/2-1/2